 Dungeon Crawl Stone Soup version 0.32-a0-520-g344ed53f66 (webtiles) character file.

Game seed: 15126517293081877486

89 lunkers the Chopper (level 4, -11/38 HPs)
             Began as a Mountain Dwarf Fighter on Feb 27, 2024.
             Mangled by Pikel
             ... wielding a +0 whip of electrocution
              (16 damage)
             ... on level 4 of the Dungeon.
             The game lasted 00:03:24 (2215 turns).

lunkers the Chopper (Mountain Dwarf Fighter)        Turns: 2215, Time: 00:03:25

Health: -11/38     AC:  6    Str: 20    XL:     4   Next: 31%
Magic:  4/4        EV:  9    Int:  9    God:
Gold:   115        SH:  4    Dex:  9    Spells: 3/3 levels left

rFire   . . .        a - +0 war axe
rCold   . . .        c - +0 buckler
rNeg    . . .        b - +0 scale mail
rPois   .            (no helmet)
rElec   .            (no cloak)
rCorr   +            (no gloves)
SInv    .            (no boots)
Will    .....        (no amulet) Stlth
                     o - ring of resist corrosion
HPRegen 0.26/turn    (no ring)
MPRegen 0.09/turn

%: no passive effects
@: mighty
A: runic magic, artefact enchanting
a: no special abilities


You were on level 4 of the Dungeon.
You visited 1 branch of the dungeon, and saw 4 of its levels.

You collected 115 gold pieces.

Inventory:

Hand Weapons
 a - a +0 war axe (weapon)
Armour
 b - a +0 scale mail (worn)
 c - a +0 buckler (worn)
 h - a +0 kite shield
Jewellery
 o - a ring of resist corrosion (left hand)
Wands
 q - a wand of charming (8)
Scrolls
 e - 2 scrolls of blinking {unknown}
 f - 3 scrolls of amnesia {unknown}
 j - a scroll of enchant weapon {unknown}
 k - 2 scrolls of teleportation {unknown}
 p - a scroll of identify {unknown}
Potions
 g - 5 potions of curing {unknown}
 i - a potion of magic {unknown}
 l - 2 potions of brilliance {unknown}
 m - a potion of attraction {unknown}
 n - a potion of berserk rage {unknown}


   Skills:
 - Level 3.2 Fighting
 + Level 5.6 Axes
 - Level 3.2 Armour
 - Level 3.2 Shields


You had 3 spell levels left.
You didn't know any spells.
Your spell library contained the following spells:

 Spells                   Type           Power      Damage    Failure   Level
 Sculpt Simulacrum        Ice/Alch       0%         N/A       100%        6
 Ozocubu's Refrigeration  Ice            0%         4d7       100%        7
 Polar Vortex             Ice            0%         N/A       100%        9


Dungeon Overview and Level Annotations

Branches:
Dungeon (4/15)
 Temple: D:4-7

Altars:

Shops:
D:1 (?[:   D:2 :!?!

Annotations:
D:4 Pikel


Innate Abilities, Weirdness & Mutations

Your spellcasting is much less encumbered by armour.
You can use scrolls of enchantment on lesser artefacts.


Message History

You block the lemure's attack. The lemure hits you but does no damage.
You closely miss the lemure.
The lemure is lightly wounded.
The lemure hits you but does no damage.
You closely miss the lemure.
The lemure is lightly wounded.
You miss the lemure. The lemure hits you but does no damage.
The lemure closely misses you.
You slash the lemure!
The lemure is heavily wounded.
You closely miss the lemure. The lemure closely misses you. x2
You closely miss the lemure.
The lemure is heavily wounded.
You slash the lemure! The lemure hits you but does no damage.
The lemure hits you.
* * * LOW HITPOINT WARNING * * *
The lemure hits you but does no damage.
You slice the lemure!!
You kill the lemure!
That felt strangely unrewarding.
You slash the lemure! The lemure hits you but does no damage.
You block Pikel's attack.
You barely miss Pikel. You hit the lemure. The lemure hits you.
* * * LOW HITPOINT WARNING * * *
You block Pikel's attack.
You slash Pikel!
Pikel is moderately wounded.
You barely miss the lemure.
You hear the hiss of a distant avalanche of sand.
The lemure barely misses you.
Pikel zaps a wand.
You resist with some effort.
You miss Pikel.
Pikel is moderately wounded.
You slash the lemure!
You kill the lemure!
That felt strangely unrewarding.
Pikel says, "Hell isn't that bad."
Pikel hits you with a +0 whip of electrocution.
* * * LOW HITPOINT WARNING * * *
You are electrocuted!
You die...
Pikel says, "See you in Hell!"

≈§≈.....<.....
..#.......... .
#≈≈..........
.^#§#..........
.≈§§.........###
...§...........
#.....KS...#
##.#####.##
##....SK@..#
#..#####...#
##.##...##..#
#..#55∩:.#..#
#..##5[?##.##
#...#####..#
##.#.......##
#).#########
##..##


You could see Pikel and an adder.

Vanquished Creatures
  3 lemures (D:4)
  A hound (D:4)
  An adder (D:2)
  A dart slug (D:1)
  6 endoplasms
  A giant cockroach (D:2)
  2 goblins
  4 hobgoblins
  2 jackals (D:1)
  5 kobolds
  4 quokkas
  7 ball pythons
  4 bats
  2 frilled lizards
  5 rats
48 creatures vanquished.

Vanquished Creatures (others)
  A lemure (D:4)
1 creature vanquished.

Grand Total: 49 creatures vanquished

Notes
Turn   | Place    | Note
-------+----------+-------------------------------------------
     0 | D:1      | lunkers the Mountain Dwarf Fighter began the quest for the
                  | Orb.
     0 | D:1      | Reached XP level 1. HP: 19/19 MP: 1/1
    40 | D:1      | Reached skill level 3 in Axes
    45 | D:1      | Reached XP level 2. HP: 11/26 MP: 2/2
   275 | D:1      | Found Tesac's Book Shop.
   303 | D:1      | Found Guhacilu's Magic Scroll Emporium.
   307 | D:1      | Found Rianwaopub's Antique Armour Shop.
   485 | D:1      | Found Kunil's Antique Weapon Emporium.
   498 | D:1      | Reached skill level 4 in Axes
   929 | D:2      | Found Mawkemaa's Distillery.
   937 | D:2      | Reached XP level 3. HP: 30/31 MP: 3/3
   990 | D:2      | Found Etoero's Distillery.
  1062 | D:2      | Found Eciliwot's Magic Scroll Shop.
  1280 | D:2      | Found Wemyetar's Book Shoppe.
  1820 | D:3      | Reached skill level 5 in Axes
  2025 | D:4      | Reached XP level 4. HP: 34/38 MP: 4/4
  2178 | D:4      | Noticed a lemure
  2180 | D:4      | Noticed a lemure
  2180 | D:4      | Noticed Pikel
  2180 | D:4      | Noticed a lemure
  2181 | D:4      | Noticed a lemure
  2194 | D:4      | Killed a lemure
  2212 | D:4      | Killed a lemure
  2215 | D:4      | Killed a lemure
  2215 | D:4      | Mangled by Pikel

Illustrated notes

Levels and vault maps discovered:
D:1:      minmay_arrival_stone_box, layout_basic, serial_shops, shop,
          nicolae_diamond_shop, nicolae_square_shop, nicolae_square_shop,
          minmay_vboxes
D:2:      layout_rooms, serial_shops, nicolae_shop_just_a_little_nook, shop,
          shop, nicolae_lakefront_shop
D:3:      layout_loops_ring, serial_bayou_lake_a
D:4:      cheibrodos_quashed, layout_cave_pods, grunt_qazlal_sundering,
          temple_statues, nicolae_ossuary_entry_false_entrances,
          serial_bayou_ford_a, nrook_campfire, nrook_mini_backslash,
          nicolae_titane, uniq_pikel

Skill      XL: |  1  2  3 |
---------------+----------+-----
Axes           | 3 4 5 |  5.6
Fighting       | |  3.2
Armour         | |  3.2
Shields        | |  3.2

Action                     |  1- 3 |  4- 6 || total
---------------------------+-------+-------++-------
  Melee: War axe           |   119 |    28 ||   147
  Evoke: Wand              |       |     4 ||     4
    Use: Potion            |       |     1 ||     1
 Armour: Scale mail        |   116 |    26 ||   142
  Dodge: Dodged            |    63 |    10 ||    73
  Block: Buckler           |    20 |     7 ||    27

Table legend: (Time is in decaauts)
 A = Elapsed time spent in this place.
 B = Non-inter-level travel time spent in this place.
 C = Inter-level travel time spent in this place.
 D = Time resting spent in this place.
 E = Time spent auto-exploring this place.
 F = Levels seen in this place.
 G = Mean time per level.
                   A        B        C        D        E       F      G
               +--------+--------+--------+--------+--------+-----+--------+
         Total |   2267 |   2188 |     79 |      0 |   1824 |   4 |  566.8 |
       Dungeon |   2267 |   2188 |     79 |      0 |   1824 |   4 |  566.8 |
               +--------+--------+--------+--------+--------+-----+--------+

Top non-repeatable levels by time:
     D:1: 867 daAuts
     D:3: 665 daAuts
     D:2: 531 daAuts
     D:4: 203 daAuts
